 Dungeon Crawl Stone Soup version 0.31.0-12-g77e489cdc1 (webtiles) character file.

Game seed: 3993358201231269635

775 Silvore the Slasher (level 7, -2/55 HPs)
             Began as a Demonspawn Fighter on Feb 15, 2024.
             Slain by a two-headed ogre
             ... wielding a +0 giant club
              (24 damage)
             ... on level 5 of the Dungeon.
             The game lasted 00:04:53 (3427 turns).

Silvore the Slasher (Demonspawn Fighter)            Turns: 3427, Time: 00:04:54

Health: -2/55      AC: 13    Str: 22    XL:     7   Next: 54%
Magic:  7/7        EV:  7    Int:  8    God:
Gold:   285        SH: 10    Dex: 12    Spells: 6/6 levels left

rFire   . . .        a - +0 long sword
rCold   . . .        f - +1 kite shield
rNeg    . . .        j - +0 plate armour
rPois   .            (no helmet)
rElec   .            (no cloak)
rCorr   .            i - +0 pair of gloves {Str+3}
SInv    .            (no boots)
Will    .....        (no amulet) Stlth
                     (no ring)
HPRegen 0.29/turn    (no ring)
MPRegen 0.10/turn

%: no passive effects
@: no status effects
A: foul stench 1, sturdy frame 2
a: no special abilities


You were on level 5 of the Dungeon.
You visited 1 branch of the dungeon, and saw 5 of its levels.

You collected 285 gold pieces.

Inventory:

Hand Weapons
 a - a +0 long sword (weapon)
Armour
 b - a +0 scale mail
 c - a +0 buckler
 f - a +1 kite shield (worn)
 i - a +0 pair of gloves of strength (worn)
 j - a +0 plate armour (worn)
Scrolls
 h - 3 scrolls of teleportation
 p - a scroll of immolation
Potions
 d - 2 potions of mutation
 e - a potion of haste {unknown}
 g - a potion of magic {unknown}
 k - a potion of ambrosia {unknown}
 l - 2 potions of curing {unknown}
 m - a potion of heal wounds {unknown}
 n - a potion of brilliance {unknown}
 o - a potion of invisibility {unknown}


   Skills:
 + Level 4.6 Fighting
 + Level 4.9 Long Blades
 + Level 4.4 Armour
 + Level 1.2 Dodging
 + Level 4.3 Shields


You had 6 spell levels left.
You didn't know any spells.
Your spell library contained the following spells:

 Spells                   Type           Power      Damage    Failure   Level
 Summon Small Mammal      Summ           0%         N/A       99%         1
 Cigotuvi's Dreadful Rot  Necr/Alch/Air  0%         N/A       100%        2
 Call Canine Familiar     Summ           0%         N/A       100%        3
 Tukima's Dance           Hex            0%         N/A       100%        3
 Dispel Undead            Necr           0%         3d6       100%        4
 Martyr's Knell           Necr/Summ      0%         N/A       100%        4
 Passage of Golubria      Tloc           0%         N/A       100%        4
 Summon Blazeheart Golem  Fire/Summ      0%         N/A       100%        4
 Summon Forest            Summ/Tloc      0%         N/A       100%        5
 Yara's Violent Unravell  Hex/Alch       0%         3d3       100%        5
 Death Channel            Necr           0%         N/A       100%        6
 Eringya's Noxious Bog    Alch           0%         4d6       100%        6
 Summon Hydra             Summ           0%         N/A       100%        7


Dungeon Overview and Level Annotations

Branches:
Dungeon (5/15)
 Temple: D:4-7

Altars:


Innate Abilities, Weirdness & Mutations

You may rarely emit foul miasma when damaged in melee.
Your movements are less encumbered by armour. (ER -4)


Message History

Done exploring.
As you read the scroll labelled WUECZY LELO, it crumbles to dust.
It is a scroll of identify.
d - 2 potions of mutation You see here a bombardier beetle corpse.
There is a stone staircase leading down here.
You climb downwards.
There is a stone staircase leading up here.
An adder comes into view.
Found a scroll labelled WOD HIPSUGGOE.
The adder hisses angrily.
You hear two shouts!
You hear a bellow!
Found a dented beryl amulet.
A quokka comes into view.
You closely miss the quokka.
The quokka bites you but does no damage.
You closely miss the quokka. You block the quokka's attack.
The quokka bites you but does no damage.
You barely miss the quokka.
A two-headed ogre comes into view.
It is wielding a +0 giant club and a +0 dire flail.
The quokka barely misses you.
You closely miss the quokka. You block the quokka's attack.
The quokka bites you.
You closely miss the quokka. The quokka barely misses you.
You completely miss the quokka.
The quokka bites you but does no damage.
You block the quokka's attack.
You hit the quokka but do no damage. You block the quokka's attack.
Okay, then.
You hit the quokka.
The quokka is heavily wounded.
The quokka bites you.
You hit the two-headed ogre.
The two-headed ogre is lightly wounded.
The two-headed ogre hits you with a +0 giant club!!
Ouch! That really hurt!
The two-headed ogre barely misses you.
You slash the two-headed ogre!
The two-headed ogre is moderately wounded.
The two-headed ogre hits you with a +0 giant club!!
You die...

. .?. ..# .. .. ...
...###.### #.###
#.......#..8..#
######......#.....#
#...# #.....8.8.8.
#.#.# #...r#.....
#.#.# ####O# 8..
#.#.# ###@###.###
#.#.# #..........
#.#.#####.########.
#<#.#.....#
###.#.....#
#.......# ###.....#
####.## #.#


You could see a two-headed ogre and a quokka.

Vanquished Creatures
  Pikel (D:3)
  A lemure (D:3)
  A scorpion (D:3)
  3 bombardier beetles (D:4)
  A jelly (D:4)
  An iguana (D:4)
  5 adders
  A dart slug (D:3)
  2 orcs (D:3)
  11 endoplasms
  2 giant cockroaches
  6 goblins
  3 hobgoblins (D:1)
  9 jackals
  4 quokkas
  10 ball pythons
  8 bats
  3 frilled lizards
  8 kobolds
  3 rats
83 creatures vanquished.

Notes
Turn   | Place    | Note
-------+----------+-------------------------------------------
     0 | D:1      | Silvore the Demonspawn Fighter began the quest for the Orb.
     0 | D:1      | Reached XP level 1. HP: 18/18 MP: 1/1
    80 | D:1      | Gained mutation: You may rarely emit foul miasma when
                  | damaged in melee. [demonic ancestry]
    80 | D:1      | Reached XP level 2. HP: 4/24 MP: 2/2
   561 | D:1      | Reached XP level 3. HP: 29/29 MP: 3/3
  1624 | D:3      | Gained mutation: Your movements are slightly less
                  | encumbered by armour. (ER -2) [demonic ancestry]
  1624 | D:3      | Reached XP level 4. HP: 34/35 MP: 4/4
  1732 | D:3      | Noticed a scorpion
  1752 | D:3      | Killed a scorpion
  1753 | D:3      | Reached XP level 5. HP: 31/41 MP: 5/5
  2162 | D:4      | Noticed a lemure
  2162 | D:4      | Noticed a lemure
  2163 | D:4      | Noticed Pikel
  2163 | D:4      | Noticed a lemure
  2164 | D:4      | Noticed a lemure
  2184 | D:3      | Killed a lemure
  2233 | D:3      | Killed Pikel
  2234 | D:3      | Reached skill level 1 in Dodging
  2234 | D:3      | Gained mutation: Your movements are less encumbered by
                  | armour. (ER -4) [demonic ancestry]
  2234 | D:3      | Reached XP level 6. HP: 31/48 MP: 6/6
  2234 | D:3      | Reached XP level 7. HP: 34/53 MP: 7/7
  3376 | D:5      | Entered Level 5 of the Dungeon
  3420 | D:5      | Noticed a two-headed ogre
  3427 | D:5      | Slain by a two-headed ogre

Illustrated notes

Levels and vault maps discovered:
D:1:      eino_arrival_water_star, layout_loops_cross,
          nicolae_houndstooth_variations
D:2:      layout_basic, chequers_avenue
D:3:      layout_rooms
D:4:      layout_basic, uniq_pikel
D:5:      gammafunk_steamed_eel, layout_basic, minmay_chambers_of_fives,
          uniq_blork_the_orc

Skill      XL: |  1  2  3  4  5  6  7 |
---------------+----------------------+-----
Armour         | 3 4 |  4.4
Shields        | 3 4 |  4.3
Long Blades    | 2 3 4 |  4.9
Dodging        | 1 |  1.2
Fighting       | 4 |  4.6

Action                     |  1- 3 |  4- 6 |  7- 9 || total
---------------------------+-------+-------+-------++-------
  Melee: Long sword        |   148 |   111 |    95 ||   354
    Use: Scroll            |     4 |     1 |     1 ||     6
         Potion            |     1 |       |       ||     1
 Armour: Scale mail        |    86 |       |       ||    86
         Plate armour      |    40 |    71 |    48 ||   159
  Dodge: Dodged            |    57 |    28 |    25 ||   110
  Block: Buckler           |    23 |       |       ||    23
         Kite shield       |    62 |    65 |    38 ||   165
